Map: Acropolis LE

Players

TYTY (TY)

  • Race: Terran Terran
  • League: Master
  • Spawn Location: 11:00

OGZest (Zest) - Winner!

  • Race: Protoss Protoss
  • Spawn Location: 5:00

Event: HomeStory Cup XIX

VOD

Have the link to the VOD?

Description

Time

  • Played on: June 30, 2019, 4:10 p.m.
  • Length: 11:09

All games in this series

Show
View Real Time Build Order
Export as new Build Order

TYTY Terran 

Build Orders: Reaper Expand 

Get SALT Encoding   

  12  0:00  SCV  
  13  0:12  SCV  
  14  0:20  Supply Depot  
  14  0:24  SCV  
  15  0:41  SCV  
  15  0:42  Barracks  
  16  0:44  Refinery  
  16  0:53  SCV  
  17  1:05  SCV  
  18  1:18  SCV  
  19  1:29  Reaper  
  19  1:30  Orbital Command  
  20  1:43  Command Center  
  20  1:56  SCV  
  20  2:00  Supply Depot  
  21  2:02  Barracks Reactor  
  21  2:09  SCV  
  22  2:17  Bunker  
  22  2:21  SCV  
  23  2:25  Factory  
  23  2:33  SCV  
  24  2:39  Marine x2  
  26  2:45  SCV  
  26  2:48  Refinery  
  27  2:56  Orbital Command, Marine  
  27  2:57  Marine, SCV  
  30  3:09  SCV  
  30  3:10  Widow Mine  
  30  3:11  Starport  
  33  3:15  Marine  
  33  3:16  Marine  
  35  3:21  SCV  
  35  3:24  SCV  
  36  3:31  Supply Depot  
  36  3:32  Widow Mine  
  36  3:33  SCV  
  39  3:35  Marine x2  
  39  3:38  SCV  
  42  3:45  SCV  
  42  3:47  Medivac  
  45  3:50  SCV  
  45  3:53  Marine x2, Widow Mine  
  50  3:57  SCV  
  52  4:02  SCV  
  52  4:07  Supply Depot  
  52  4:12  Liberator  
  52  4:14  SCV  
  53  4:18  Factory Tech Lab  
  53  4:20  SCV  
  54  4:24  Marine  
  54  4:27  Marine  
  54  4:30  SCV  
  58  4:33  Command Center  
  58  4:34  SCV  
  58  4:36  Siege Tank  
  62  4:46  Supply Depot  
  62  4:55  SCV  
  62  5:01  Marine  
  62  5:02  SCV  
  62  5:07  Barracks, Marine, SCV  
  62  5:08  Barracks x2  
  62  5:10  Barracks  
  62  5:12  Starport Tech Lab  
  62  5:14  SCV  
  59  5:15  Siege Tank  
  59  5:19  Marine, SCV  
  64  5:23  Refinery  
  64  5:25  Marine  
  64  5:27  SCV  
  65  5:31  SCV  
  65  5:34  Refinery  
  66  5:37  Marine  
  66  5:39  Raven  
  66  5:42  SCV  
  69  5:43  Marine  
  69  5:45  Orbital Command, SCV  
  71  5:54  SCV  
  71  5:55  Marine  
  71  5:56  Barracks Reactor  
  73  6:00  Marine, SCV  
  73  6:01  Barracks Tech Lab  
  73  6:04  Marine  
  75  6:05  Engineering Bay  
  75  6:06  Stimpack, Engineering Bay, SCV  
  75  6:10  Marauder  
  79  6:12  SCV x2  
  79  6:13  Marine  
  79  6:15  Factory Reactor, Supply Depot x2  
  82  6:18  Marine  
  82  6:20  Marine  
  82  6:24  Supply Depot  
  84  6:30  Orbital Command  
  84  6:31  Marine  
  85  6:35  Starport Reactor  
  85  6:36  Marine x3  
  85  6:37  Marauder x2  
  85  6:39  Terran Infantry Weapons Level 1  
  91  6:42  Marine, Supply Depot x2  
  91  6:45  Terran Infantry Armor Level 1  
  91  6:46  SCV x2  
  94  6:48  Marine  
  95  6:54  Marine x3  
  95  6:57  Widow Mine x2, Missile Turret  
  95  6:58  SCV x2  
  95  6:59  SCV  
  95  7:01  Marine x2  
  106  7:07  Marauder, Marine  
  109  7:12  Marine, Medivac  
  109  7:14  Marine x2  
  109  7:15  SCV x2  
  117  7:19  Marauder  
  117  7:20  Combat Shield  
  119  7:23  Concussive Shells  
  119  7:25  Marine x2, Missile Turret  
  119  7:27  Supply Depot  
  119  7:28  Marine  
  123  7:32  SCV x2  
  123  7:34  SCV  
  124  7:38  Supply Depot  
  124  7:39  Supply Depot  
  124  7:44  SCV  
  124  7:48  Armory, SCV x2, Medivac x2  
  124  7:49  Supply Depot x2  
  131  7:51  Marine x2  
  133  7:59  Marine x4, SCV  
  133  8:00  SCV x2  
  133  8:03  Refinery  
  133  8:05  Marauder  
  142  8:09  Marine  
  143  8:14  Marine  
  143  8:16  Ghost Academy  
  143  8:17  Marine  
  145  8:21  Marine, Medivac x2  
  145  8:22  Marine  
  145  8:26  Refinery  
  145  8:27  Marauder x2  
  155  8:29  Marine  
  155  8:32  Marine  
  157  8:35  Command Center  
  157  8:45  Marine x2  
  157  8:47  Terran Infantry Weapons Level 2, Terran Infantry Armor Level 2  
  164  8:54  SCV, Medivac  
  164  8:58  Barracks, Ghost  
  164  9:00  Barracks  
  164  9:01  Barracks  
  164  9:06  Missile Turret  
  164  9:08  SCV  
  165  9:10  Ghost  
  165  9:13  Supply Depot x3  
  165  9:14  Ghost  
  162  9:23  Medivac  
  163  9:25  Marine x2  
  165  9:34  Marine x2, Ghost  
  165  9:36  Supply Depot x2  
  165  9:37  Supply Depot  
  169  9:39  Marine  
  169  9:42  Ghost  
  172  9:46  Marine x3  
  172  9:51  Sensor Tower  
  172  9:52  Marine  
  176  9:56  Ghost, Barracks Reactor  
  176  9:58  Barracks Tech Lab  
  178  10:00  Marine x3  
  178  10:02  Medivac  
  178  10:03  Marine  
  178  10:06  SCV x2  
  178  10:07  Marine x3, SCV  
  187  10:10  Marine  
  187  10:15  Marine  
  187  10:18  Marine x3  
  187  10:22  Marine x2  
  187  10:25  Marine x2  
  182  10:30  Marine x2  
  168  10:37  Marine x4  
  168  10:40  SCV x2  
  144  10:44  Marine x3  
  139  10:50  SCV  
  139  10:52  SCV x2  
Show
View Real Time Build Order
Export as new Build Order

OGZest Protoss - Winner!

Build Orders: 1 Gate Expand, Phoenix Opening, Blink Stalkers, Chargelot Immortal 

Get SALT Encoding   

  12  0:00  Probe  
  13  0:12  Probe  
  14  0:18  Pylon  
  14  0:24  Probe  
  15  0:33  Probe  
  15  0:39  Gateway  
  15  0:41  Probe  
  16  0:46  Assimilator  
  17  0:51  Probe  
  18  1:03  Probe  
  19  1:15  Probe  
  20  1:27  Cybernetics Core  
  20  1:33  Nexus  
  20  1:35  Probe  
  21  1:43  Pylon  
  21  1:47  Probe  
  21  1:51  Assimilator  
  21  1:53  Adept  
  22  2:00  Probe  
  23  2:04  Warp Gate  
  25  2:12  Probe  
  26  2:21  Probe  
  25  2:24  Sentry  
  25  2:29  Probe  
  29  2:38  Probe  
  30  2:48  Probe  
  30  2:50  Stalker, Probe  
  34  2:59  Probe, Twilight Council, Phoenix  
  34  3:00  Gateway  
  34  3:02  Probe  
  36  3:07  Probe, Blink  
  37  3:14  Probe  
  37  3:15  Probe  
  37  3:18  Pylon  
  39  3:26  Probe  
  40  3:27  Probe  
  41  3:34  Shield Battery  
  41  3:36  Assimilator  
  41  3:38  Probe  
  41  3:39  Probe  
  43  3:43  Robotics Facility  
  43  3:51  Probe x2  
  45  3:56  Stalker x2  
  49  4:03  Probe x2  
  51  4:13  Nexus  
  51  4:17  Pylon  
  51  4:29  Stalker  
  53  4:35  Observer  
  53  4:36  Probe  
  53  4:37  Stalker, Probe  
  58  4:41  Pylon  
  58  4:51  Probe  
  59  4:55  Phoenix  
  58  5:02  Probe  
  58  5:03  Probe  
  58  5:06  Forge  
  51  5:07  Stalker x2  
  51  5:08  Forge  
  55  5:14  Probe  
  55  5:15  Probe  
  57  5:26  Probe x2  
  57  5:27  Probe  
  60  5:31  Stalker x2  
  60  5:33  Protoss Ground Weapons Level 1  
  64  5:36  Probe  
  64  5:37  Probe  
  64  5:39  Probe  
  64  5:40  Protoss Ground Armor Level 1  
  67  5:44  Probe  
  67  5:45  Probe  
  69  5:51  Probe  
  69  5:52  Probe  
  69  5:53  Probe  
  71  6:00  Observer  
  71  6:02  Nexus  
  71  6:04  Probe x2  
  74  6:05  Probe  
  76  6:15  Charge, Gateway x2  
  76  6:16  Probe  
  76  6:18  Gateway  
  77  6:22  Probe x2  
  83  6:25  Immortal  
  83  6:40  Gateway  
  83  6:41  Gateway x2  
  83  6:47  Gateway  
  83  6:48  Pylon  
  83  6:58  Zealot  
  83  6:59  Pylon  
  85  7:02  Pylon  
  85  7:06  Immortal  
  87  7:09  Stalker x3  
  90  7:27  Probe x4  
  94  7:30  Protoss Ground Armor Level 2, Protoss Ground Weapons Level 2  
  92  7:39  Probe x3  
  92  7:41  Probe  
  92  7:42  Immortal  
  96  7:45  Zealot x9  
  118  8:02  Pylon  
  118  8:05  Pylon  
  118  8:07  Pylon  
  118  8:10  Zealot x2  
  118  8:11  Zealot  
  124  8:13  Pylon  
  124  8:20  Probe x4  
  124  8:25  Zealot x3  
  124  8:26  Zealot x2  
  138  8:32  Assimilator  
  138  8:33  Assimilator  
  134  8:42  Zealot  
  134  8:45  Probe x4  
  140  8:53  Assimilator  
  140  8:55  Zealot x6  
  151  8:56  Assimilator  
  151  8:57  Probe x2  
  151  8:59  Zealot x2  
  156  9:09  Assimilator  
  154  9:13  Robotics Facility  
  154  9:14  Robotics Bay  
  154  9:22  Immortal  
  148  9:25  Probe x2  
  148  9:28  Probe x2  
  148  9:30  Photon Cannon  
  152  9:37  Robotics Facility  
  156  9:41  Pylon  
  156  9:43  Pylon  
  156  9:44  Pylon  
  156  9:46  Pylon x2  
  156  9:47  Pylon  
  156  9:48  Pylon  
  156  9:55  Disruptor x2  
  156  9:59  Probe  
  157  10:01  Robotics Facility  
  163  10:21  Zealot x9  
  155  10:47  Stalker x7, Zealot x2  
Tags
 
Add a new tag
Caveats
  • Supply blocks, unpowered buildings, or Contaminate may cause inaccurate times.
  • Supply counts are checked every 10 seconds.